 Dungeon Crawl Stone Soup version 0.27.1-1-g398f81649c (webtiles) character file.

Game seed: 13010834378437094636

707 Thatpatchoflichen the Skirmisher (level 7, 0/72 HPs)
             Began as an Ogre Hunter on Sept 9, 2021.
             Was an Initiate of Okawaru.
             Slain by an adder (4 damage)
             ... on level 5 of the Dungeon.
             The game lasted 00:16:04 (7028 turns).

Thatpatchoflichen the Skirmisher (Ogre Hunter)      Turns: 7028, Time: 00:16:05

Health: 0/72       AC:  4    Str: 18    XL:     7   Next: 67%
Magic:  7/7        EV: 10    Int: 12    God:    Okawaru [......]
Gold:   118        SH:  0    Dex: 10    Spells: 6/6 levels left

rFire    . . .     SeeInvis +   A - +0 giant club
rCold    . . .     Faith    .   (shield currently unavailable)
rNeg     + . .     Spirit   .   f - +0 robe
rPois    .         Reflect  .   (helmet restricted)
rElec    .         Harm     .   t - +0 cloak
rCorr    .         Rampage  .   (gloves unavailable)
Will     .....                  (boots unavailable)
Stlth    +.........             (no amulet)
HPRegen  0.22/turn              u - ring of see invisible
MPRegen  0.10/turn              z - ring of positive energy

@: lethally poisoned (0 -> -3)
A: large, unfitting armour, tough skin 1
a: Renounce Religion


You were on level 5 of the Dungeon.
You worshipped Okawaru.
Okawaru was noncommittal.
You visited 2 branches of the dungeon, and saw 6 of its levels.

You collected 118 gold pieces.

Inventory:

Hand Weapons
 a - a +0 short sword
 j - a +2 dagger of electrocution
 l - a +0 scimitar
 A - a +0 giant club (weapon)
Missiles
 c - 5 large rocks (quivered)
 d - 2 throwing nets
 o - 26 poisoned darts
 p - 13 bolts
 s - 3 javelins
 w - 3 boomerangs
Armour
 f - a +0 robe (worn)
 m - a +0 kite shield
 t - a +0 cloak (worn)
Jewellery
 u - a ring of see invisible (left hand)
 z - a ring of positive energy (right hand)
Scrolls
 b - 2 scrolls of noise {unknown}
 g - 2 scrolls of magic mapping {unknown}
 h - a scroll of enchant armour {unknown}
 k - 3 scrolls of teleportation {unknown}
 n - 3 scrolls of identify {unknown}
 v - a scroll of immolation {unknown}
 y - a scroll of fear {unknown}
Potions
 e - 2 potions of berserk rage {unknown}
 i - a potion of invisibility {unknown}
 q - a potion of resistance {unknown}
 r - a potion of mutation {unknown}
 x - a potion of lignification {unknown}
 B - a potion of attraction {unknown}


   Skills:
 + Level 5.4 Fighting
 + Level 1.0 Maces & Flails
 + Level 4.9 Throwing
 - Level 4.5 Dodging
 - Level 0.6 Stealth
 - Level 4.0 Shields


You had 6 spell levels left.
You didn't know any spells.
Your spell library contained the following spells:

 Spells                   Type           Power      Damage    Failure   Level
 Cause Fear               Hex            0%         N/A       97%         4
 Dragon Form              Tmut           0%         N/A       100%        7
 Dragon's Call            Summ           0%         N/A       100%        9


Dungeon Overview and Level Annotations

Branches:
Dungeon (5/15)             Temple (1/1) D:5

Altars:
Ashenzari
Cheibriados
Dithmenos
Elyvilon
Fedhas
Gozag
Hepliaklqana
Kikubaaqudgha
Makhleb
Nemelex Xobeh
Okawaru
Qazlal
Ru
Uskayaw
Vehumet
Wu Jian
Xom
Yredelemnul
Zin
The Shining One

Shops:
D:2 (


Innate Abilities, Weirdness & Mutations

You are too large for most types of armour.
You have tough skin. (AC +1)


Message History

The adder bites you.
You are poisoned.
The adder poisons you! The adder bites you but does no damage.
You closely miss the adder.
The adder is lightly wounded.
You feel sick. The adder closely misses you. The adder bites you.
* * * LOW HITPOINT WARNING * * *
You are more poisoned.
The adder poisons you!
You feel sick.
You feel sick.
You feel sick. The adder barely misses you. The adder misses you.
There is a stone staircase leading down here.
You feel sick.
Found a coppery potion.
You feel sick.
Found 15 gold pieces.
You feel sick. The adder completely misses you.
Found 12 gold pieces.
You feel sick. The adder bites you but does no damage.
You feel sick.
You are no longer poisoned.
The adder misses you. The adder bites you.
* * * LOW HITPOINT WARNING * * *
You are poisoned.
The adder poisons you!
You feel sick.
You feel sick.
You feel sick. The adder bites you.
* * * LOW HITPOINT WARNING * * *
You feel sick.
You are no longer poisoned.
The adder barely misses you.
You closely miss the adder. The adder bites you but does no damage.
The adder bites you.
* * * LOW HITPOINT WARNING * * *
You are poisoned.
The adder poisons you!
You closely miss the adder.
* * * LOW HITPOINT WARNING * * *
You feel sick. The adder barely misses you. The adder bites you.
You die...

.......# .... ..# #......# ##
#... #.# #...(..# ..## #..$ #.#
#......# .#... ..#.##.# #......#
..... .......####......# #.#
...#. .................# #.#.####
.... ####...######....# #.#.##.#
#. ...............S@# #.#....#
#.#. ###.....###.#.#######.#.##.#
#... ###.....###..)# #.....##.#
#.#. #..>.#..##..>.######.....#.#
#
##................##....##.######
##....#.####................))..
######.# #.##...........######
#.# #.#...#..##.#..# #.#
#.#.###..##.#..#


You could see an adder.

Vanquished Creatures
  2 black bears
  An ogre (D:5)
  A water moccasin skeleton (D:5)
  A hound (D:4)
  A centaur skeleton (D:5)
  An orc priest (D:5)
  2 jellies
  3 iguanas
  An orc wizard (D:5)
  A hound skeleton (D:4)
  2 howler monkey skeletons
  3 adders
  A white imp (D:5)
  An ufetubus (D:5)
  An adder skeleton (D:2)
  4 dart slugs
  6 orcs
  2 ball pythons
  7 bats
  4 endoplasms
  4 giant cockroaches
  9 goblins
  6 hobgoblins
  2 jackals (D:4)
  3 quokkas
  3 frilled lizards
  6 kobolds
  5 rats (D:1)
83 creatures vanquished.

Vanquished Creatures (others)
  9 fungi (D:5)
9 creatures vanquished.

Grand Total: 92 creatures vanquished

Notes
Turn   | Place    | Note
-------+----------+-------------------------------------------
     0 | D:1      | Thatpatchoflichen the Ogre Hunter began the quest for the
                  | Orb.
     0 | D:1      | Reached XP level 1. HP: 22/22 MP: 1/1
    72 | D:1      | Reached skill level 3 in Fighting
   268 | D:1      | Reached XP level 2. HP: 6/31 MP: 2/2
  1015 | D:1      | Reached XP level 3. HP: 18/37 MP: 3/3
  1856 | D:2      | Found Loaz's Weapon Boutique.
  1887 | D:2      | Reached XP level 4. HP: 28/45 MP: 4/4
  2044 | D:2      | Found a hide-covered altar of Uskayaw.
  2817 | D:3      | Found a glowing golden altar of the Shining One.
  3430 | D:3      | Found a faded altar of an unknown god.
  3515 | D:3      | Found a shadowy altar of Dithmenos.
  4036 | D:4      | Noticed a black bear
  4045 | D:4      | Killed a black bear
  4046 | D:4      | Reached skill level 4 in Fighting
  4046 | D:4      | Reached skill level 1 in Shields
  4046 | D:4      | Reached XP level 5. HP: 54/54 MP: 5/5
  4416 | D:4      | Found a basalt altar of Yredelemnul.
  4962 | D:4      | Reached XP level 6. HP: 62/62 MP: 6/6
  5360 | D:5      | Entered Level 5 of the Dungeon
  6072 | D:5      | Reached XP level 7. HP: 69/71 MP: 7/7
  6324 | D:5      | Found a shimmering altar of Xom.
  6446 | D:5      | Reached skill level 5 in Fighting
  6562 | D:5      | Found a staircase to the Ecumenical Temple.
  6580 | Temple   | Entered the Ecumenical Temple
  6683 | Temple   | Became a worshipper of Warmaster Okawaru
  6762 | D:5      | Reached skill level 1 in Maces & Flails
  7028 | D:5      | Slain by an adder

Illustrated notes

Levels and vault maps discovered:
D:1:      dpeg_arrival_oval, layout_basic, st_stairs_13, minmay_misc_feat_rows
D:2:      layout_loops_ring, serial_shops, shop, basic_altar,
          minmay_split_cup_small
D:3:      layout_basic, mainiacjoe_overflow_small_starburst,
          grunt_dithmenos_smoke_and_mirrors,
          hellmonk_ecumenical_altar_pennies_from_heaven
D:4:      layout_loops_corners, mainiacjoe_overflow_cross_hatched
D:5:      layout_basic, nzn_overflow_gifts_of_might_and_magic,
          mainiacjoe_overflow_alcove_4, minmay_temple_entry_offerings
Temple:   eino_temple_scatter_basement

Skill      XL: |  1  2  3  4  5  6  7 |
---------------+----------------------+-----
Fighting       | 3 4 5 |  5.4
Dodging        | 2 3 4 |  4.5
Shields        | 1 2 4 |  4.0
Maces & Flails | 1 |  1.0
Throwing       | |  4.9
Stealth        | |  0.6

Action                   |  1- 3 |  4- 6 |  7- 9 || total
-------------------------+-------+-------+-------++-------
Melee: Short sword       |   106 |       |       ||   106
       Dagger            |    27 |   144 |    18 ||   189
       Giant club        |       |       |    27 ||    27
Throw: Large rock        |       |     8 |     4 ||    12
Armor: Robe              |    60 |    41 |    19 ||   120
Dodge: Dodged            |    79 |    75 |    39 ||   193
Block: Kite shield       |     1 |    64 |     6 ||    71
